 Dungeon Crawl Stone Soup version 0.21-a0-1-gaf3b9a5 (webtiles) character file.

231 turnburgler the Ducker (level 6, -3/43 HPs)
             Began as a Human Wanderer on May 20, 2017.
             Was a Follower of Nemelex Xobeh.
             Slain by Duvessa
             ... wielding a +0 short sword
              (5 damage)
             ... on level 4 of the Dungeon.
             The game lasted 00:16:04 (3947 turns).

turnburgler the Ducker (Human Wanderer)             Turns: 3947, Time: 00:16:05

Health: -3/43      AC: 18    Str: 13    XL:     6   Next: 24%
Magic:  6/6        EV:  2    Int: 12    God:    Nemelex Xobeh [*.....]
Gold:   148        SH: 10    Dex: 14    Spells: 5/5 levels left

rFire    . . .     SeeInvis .   k - +0 flail (protect)
rCold    + . .     Gourm    .   y - +0 large shield
rNeg     . . .     Faith    .   G - +2 chain mail {rC+}
rPois    .         Spirit   .   (no helmet)
rElec    .         Reflect  .   (no cloak)
rCorr    .         Harm     .   (no gloves)
MR       .....                  A - +0 pair of boots
Stlth    ..........             (no amulet)
Regen    0.2/turn               (no ring)
MPRegen  0.1/turn               (no ring)

@: protection aura, glowing
A: no striking features
a: Renounce Religion


You were on level 4 of the Dungeon.
You worshipped Nemelex Xobeh.
Nemelex Xobeh was aware of your devotion.
You were hungry.

You visited 1 branch of the dungeon, and saw 4 of its levels.

You collected 148 gold pieces.

Inventory:

Hand Weapons
 k - a +0 flail of protection (weapon)
Missiles
 h - 52 poisoned needles
 n - 22 arrows
Armour
 a - a +2 leather armour
 x - a +1 scale mail of poison resistance
 y - a +0 large shield (worn)
 z - a +0 scale mail
 A - a +0 pair of boots (worn)
 G - a +2 chain mail of cold resistance (worn)
Wands
 l - a wand of scattershot (4/9)
 w - a wand of polymorph (14/24)
Scrolls
 d - a scroll of amnesia {unknown}
 e - 3 scrolls of remove curse {unknown}
 m - a scroll of enchant weapon {unknown}
 o - a scroll of magic mapping {unknown}
 p - a scroll of random uselessness {unknown}
 r - a scroll of fog
 t - a scroll of immolation {unknown}
 u - a scroll of teleportation {unknown}
 B - a scroll of identify {unknown}
 D - a scroll of fear {unknown}
Potions
 g - a potion of lignification {unknown}
 j - a potion of degeneration {unknown}
 v - a potion of invisibility {unknown}
 E - a potion of mutation {unknown}
 F - a potion of curing {unknown}
Books
 b - the Compendium of Envenoming

   Spells                             Type                      Level
   a - Sting                          Conjuration/Poison           1
   b - Spider Form                    Transmutation/Poison         3
 c - the Grimoire of Arcane Weapons

   Spells                             Type                      Level
   a - Throw Frost                    Conjuration/Ice              2
   b - Throw Flame                    Conjuration/Fire             2
 s - a book of Changes

   Spells                             Type                      Level
   a - Beastly Appendage              Transmutation                1
   b - Sticks to Snakes               Transmutation                2
   c - Spider Form                    Transmutation/Poison         3
   d - Ice Form                       Ice/Transmutation            4
   e - Blade Hands                    Transmutation                5
Miscellaneous
 C - a plain deck of destruction
Comestibles
 f - 3 bread rations
 i - a royal jelly
 q - 2 meat rations


   Skills:
 + Level 1.4 Fighting
 + Level 3.3 Maces & Flails
   Level 2.0 Polearms
 - Level 2.0 Throwing
 * Level 1.2 Armour
 - Level 4.1 Dodging
 - Level 1.0 Stealth
 * Level 0.4 Shields
   Level 3.0 Conjurations


You had 5 spell levels left.
You didn't know any spells.

Dungeon Overview and Level Annotations

Branches:
Dungeon (4/15)
 Temple: D:4-7

Altars:
Elyvilon
Hepliaklqana
Kikubaaqudgha
Nemelex Xobeh
Ru
Yredelemnul
Zin

Annotations:
D:4 Dowan, Duvessa


Message History

You hit Duvessa but do no damage.
Duvessa is moderately wounded.
You block Duvessa's attack. Dowan hits you with a dagger.
* * * LOW HITPOINT WARNING * * *
You block Duvessa's attack.
You thump Duvessa!
Duvessa is heavily wounded.
You block Duvessa's attack. Dowan hits you but does no damage.
Duvessa hits you with a short sword.
* * * LOW HITPOINT WARNING * * *
Dowan hits you but does no damage.
As you read the scroll labeled XEQEUDGHOL, it crumbles to dust.
The scroll dissolves into smoke.
It was a scroll of fog.
Duvessa hits you but does no damage. You block Dowan's attack.
Duvessa hits you but does no damage.
You closely miss Duvessa.
Duvessa is heavily wounded.
Duvessa hits you with a short sword.
You die...
Your body disappears without additional glow.

##............#
##.............# ..#
#.............## ....
#..>..........# #....
..............# #.....
.............## #......
..............# .......
...........#..###e§.....
###...######..##@§......
##### ##..#§e......
#..#.§§.....
#..#........
#.........[.
##.......... #..#.......
#....>..... #.........>


You could see Duvessa and Dowan.

Vanquished Creatures
  An orc wizard (D:2)
  Terence (D:3)
  4 gnolls
  6 adders
  3 worms
  A dart slug (D:2)
  3 leopard geckos
  An orc (D:3)
  8 bats
  6 giant cockroaches
  7 goblins
  8 hobgoblins
  3 jackals (D:1)
  2 quokkas
  2 ball pythons
  5 frilled lizards
  6 kobolds
  6 rats
73 creatures vanquished.

Notes
Turn   | Place    | Note
-------+----------+-------------------------------------------
     0 | D:1      | turnburgler the Human Wanderer began the quest for the Orb.
     0 | D:1      | turnburgler set off with: a +2 leather armour, the Compendium of Envenoming, the Grimoire of Arcane Weapons, a +0 club, a bread ration
     0 | D:1      | Reached XP level 1. HP: 13/13 MP: 1/1
   416 | D:1      | Reached skill level 1 in Maces & Flails
   416 | D:1      | Reached XP level 2. HP: 19/19 MP: 2/2
  1224 | D:1      | Reached XP level 3. HP: 18/24 MP: 3/3
  1523 | D:1      | Reached skill level 3 in Dodging
  1542 | D:1      | Reached XP level 4. HP: 3/30 MP: 4/4
  2391 | D:2      | Found a sacrificial altar of Ru.
  2404 | D:2      | Reached XP level 5. HP: 35/35 MP: 5/5
  2973 | D:3      | Reached skill level 4 in Dodging
  3004 | D:3      | Noticed Terence
  3047 | D:3      | Killed Terence
  3047 | D:3      | Reached skill level 1 in Fighting
  3212 | D:3      | Reached XP level 6. HP: 40/43 MP: 6/6
  3253 | D:3      | Found a faded altar of an unknown god.
  3275 | D:3      | Became a worshipper of Nemelex Xobeh the Trickster
  3275 | D:3      | Received a gift from Nemelex Xobeh
  3275 | D:3      | Reached * piety under Nemelex Xobeh
  3602 | D:3      | Found a white marble altar of Elyvilon.
  3602 | D:3      | Found a hazy altar of Hepliaklqana.
  3604 | D:3      | Found an ancient bone altar of Kikubaaqudgha.
  3619 | D:3      | Found a basalt altar of Yredelemnul.
  3620 | D:3      | Found a glowing silver altar of Zin.
  3628 | D:3      | Found a sparkling altar of Nemelex Xobeh.
  3694 | D:3      | Reached skill level 1 in Armour
  3926 | D:4      | Noticed Dowan
  3928 | D:4      | Noticed Duvessa
  3945 | D:4      | HP: 2/43 [Duvessa/short sword (4)]
  3947 | D:4      | Slain by Duvessa

Vault maps used:
D:1:      minmay_arrival_glassed_features, minmay_misc_feat_pillars
D:2:      nicolae_ru_great_annihilating_truth, minivault_14
D:3:      minitemple, chequers_ecumenical_altar_simple_redux, uniq_terence
D:4:      uniq_sigmund, uniq_duvessa, uniq_blork_the_orc

Skill      XL: |  1  2  3  4  5  6 |
---------------+-------------------+-----
Maces & Flails | 1 2 3 |  3.3
Dodging        | 3 4 |  4.1
Fighting       | 1 |  1.4
Armour         | 1 |  1.2
Polearms       | |  2.0
Throwing       | |  2.0
Stealth        | |  1.0
Shields        | |  0.4
Conjurations   | |  3.0

Action                   |  1- 3 |  4- 6 || total
-------------------------+-------+-------++-------
Melee: Club              |   180 |     2 ||   182
       Flail             |       |   266 ||   266
  Use: Scroll            |       |     1 ||     1
 Stab: Sleeping          |     1 |     3 ||     4
       Paralysed         |       |     2 ||     2
  Eat: Chunk             |     2 |     8 ||    10
Armor: Leather armour    |    84 |    40 ||   124
       Scale mail        |       |    56 ||    56
       Chain mail        |       |    33 ||    33
Dodge: Dodged            |   187 |   123 ||   310
Block: Large shield      |       |   102 ||   102
